AoeStats
← JSA

Arabian Desert

508928651Analyzed
1v1 RM · 8d ago on Sep 24, 2026· 16m 55s· 2 players
Game mode
Random Map
Map size
Tiny (2 player)
Population
200
Speed
Normal
Resources
Standard
Victory
Conquest
Starting age
Dark Age
Ending age
Imperial Age
RankedLock teamsTeams togetherTeam positionsShared explorationLock speedFull tech treeHidden civsTurbo modeCheats
Victory
Defeat
🇦🇷 Vietnamese · Argentina
1185
+18
🇪🇸 Turks · Spain
1224
-18
aguszani
3:58 Loom
11:01 Feudal Age
12:26 Man-at-Arms
13:01 Double-Bit Axe
16:05 Wheelbarrow
JSA
6:45 Loom
9:49 Feudal Age
10:27 Double-Bit Axe
10:23 Horse Collar
14:01 Man-at-Arms
Connection lost

Rejoining the realm…

Still unreachable

The connection could not be restored.

Session expired

The server has moved on; the page needs a fresh start.